 Dungeon Crawl Stone Soup version 0.31.0-11-ge490571c62 (webtiles) character file.

Game seed: 5692418318812564147

65 thirtiethelement the Ruffian (level 3, -4/26 HPs)
             Began as a Demonspawn Shapeshifter on Feb 1, 2024.
             Slain by a gnoll
             ... wielding a +0 club
              (5 damage)
             ... on level 2 of the Dungeon.
             The game lasted 00:03:42 (1187 turns).

thirtiethelement the Ruffian (DsSh)                 Turns: 1187, Time: 00:03:42

Health: -4/26      AC:  5    Str: 16    XL:     3   Next: 92%
Magic:  3/3        EV: 11    Int: 10    God:
Gold:   13         SH:  4    Dex: 12    Spells: 1/2 levels left

rFire   . .          .
                       - Unarmed
rCold   . . .        (no shield)
rNeg    . . .        h - +0 ring mail
rPois   .            (helmet currently unavailable)
rElec   .            (cloak currently unavailable)
rCorr   .            (gloves currently unavailable)
SInv    .            (boots currently unavailable)
Will    .....        (no amulet)
Stlth   +            (no ring)
HPRegen 0.24/turn    (no ring)
MPRegen 0.08/turn

%: no passive effects
@: beast-form
A: beast (slay +1), condensation shield
a: Begin Untransformation


You were on level 2 of the Dungeon.
You were a hulking beast.
You visited 1 branch of the dungeon, and saw 3 of its levels.

You collected 87 gold pieces.
You spent 74 gold pieces at shops.

Inventory:

Missiles
 g - 4 poisoned darts (quivered)
Armour
 h - a +0 ring mail (worn)
Talismans
 c - a beast talisman (active)
 d - a flux talisman
Scrolls
 k - 2 scrolls of identify
Potions
 a - 3 potions of haste {unknown}
 b - 3 potions of lignification
 e - 2 potions of curing {unknown}
 f - 2 potions of attraction {unknown}
 i - a potion of invisibility {unknown}


   Skills:
 + Level 1.0 Fighting
 + Level 0.4 Armour
 + Level 2.1 Dodging
 + Level 0.1 Stealth
 + Level 3.5 Unarmed Combat
 + Level 3.2 Shapeshifting


You had one spell level left.
You knew the following spells:

 Your Spells              Type           Power      Damage    Failure   Level
a - Foxfire               Conj/Fire      0%         2x1d4     58%         1

Your spell library contained the following spells:

 Spells                   Type           Power      Damage    Failure   Level
 Plasma Beam              Fire/Air       0%         2x1d10    100%        6
 Starburst                Conj/Fire      0%         6d3       100%        6


Dungeon Overview and Level Annotations

Branches:
Dungeon (3/15)

Altars:

Shops:
D:2 ?[*


Innate Abilities, Weirdness & Mutations

You are a hulking beast.
Your limbs bulge with bestial killing power. (Slay +1)
A meltable shield of frost defends you. (SH +4)


Message History

You miss the adder.
The adder is severely wounded.
The adder closely misses you.
You hit the adder.
The adder is almost dead.
The adder bites you.
You closely miss the adder.
The adder is almost dead.
The adder bites you but does no damage.
You hit the adder.
The adder is almost dead.
The adder bites you but does no damage. The adder closely misses you.
You miss the adder. You punch the adder.
You kill the adder!
You hit the orc.
The orc is severely wounded.
The orc closely misses you.
You hit the orc.
You kill the orc!
You see here a +0 morningstar.
You start resting.
HP restored.
There is a stone staircase leading down here.
You climb downwards.
The gnoll closely misses you. The orc hits you with a +0 hand axe.
The gnoll barely misses you.
There is a stone staircase leading up, spattered with blood here.
The orc barely misses you. The gnoll hits you with a +0 flail.
You block the gnoll's attack.
You climb upwards.
There is a stone staircase leading down here.
You completely miss the orc. The orc hits you but does no damage.
The gnoll hits you with a +0 club. The gnoll hits you with a +0 flail!
You hit the orc but do no damage. The orc completely misses you.
The gnoll hits you but does no damage. The gnoll closely misses you.
You punch the orc!
You kill the orc!
The gnoll hits you with a +0 club. The gnoll hits you with a +0 flail!
* * * LOW HITPOINT WARNING * * *
The gnoll attacks as it pursues you! The gnoll hits you with a +0 club.
You die...

.#.#########...## #..#
.#..............# ##.#
...####.......#.###### ###.###
##...##.......<......###.....#
####.......)..#..###.†.......#
# ###........##.# #####.....#
# ##.......##.# ####### #
#..>....##.# # #.......##h#
#.......##g### ###..#####.g.#
##..######.# ##...####.#
###### ###....#.# .....##
####...#### ####..########
##.....####
##...)....####[.##....#


You could see 2 gnolls.

Vanquished Creatures
  3 adders (D:2)
  5 orcs (D:2)
  5 bats
  2 endoplasms
  A giant cockroach (D:2)
  3 goblins
  5 hobgoblins
  2 ball pythons (D:2)
  A frilled lizard (D:2)
  3 kobolds
  2 rats
32 creatures vanquished.

Notes
Turn   | Place    | Note
-------+----------+-------------------------------------------
     0 | D:1      | thirtiethelement the Demonspawn Shapeshifter began the
                  | quest for the Orb.
     0 | D:1      | Reached XP level 1. HP: 15/15 MP: 1/1
   283 | D:1      | Gained mutation: A meltable shield of frost defends you.
                  | (SH +4) [demonic ancestry]
   283 | D:1      | Reached XP level 2. HP: 12/21 MP: 2/2
   568 | D:2      | Found Dawn's Armour Boutique.
   627 | D:2      | Reached XP level 3. HP: 15/26 MP: 3/3
   854 | D:2      | Learned a level 1 spell: Foxfire
   867 | D:2      | Found Vutacky's Assorted Antiques.
   870 | D:2      | Bought a scroll labelled CUGRAXZ TO NUGG for 26 gold pieces
   895 | D:2      | Found Fiw Lyits's Magic Scroll Shop.
   905 | D:2      | Bought a scroll of identify for 24 gold pieces
   905 | D:2      | Bought a scroll of identify for 24 gold pieces
   926 | D:2      | You fall into a shaft and drop 1 floor!
  1186 | D:2      | HP: 1/26 [gnoll/+0 flail (7)]
  1187 | D:2      | Slain by a gnoll

Illustrated notes

Levels and vault maps discovered:
D:1:      roderic_chinese_lattice_arrival, layout_basic, grunt_decor_junction
D:2:      layout_rooms, serial_shops, shop_scrolls, shop,
          nicolae_shop_behind_doors, basic_altar
D:3:      layout_basic, serial_shops, shop

Skill      XL: |  1  2 |
---------------+-------+-----
Shapeshifting  | 3 |  3.2
Dodging        | 2 |  2.1
Unarmed Combat | 3 |  3.5
Fighting       | |  1.0
Armour         | |  0.4
Stealth        | |  0.1

Action                     || total
---------------------------++-------
  Melee: Unarmed           ||   106
         Punch             ||     2
    Use: Scroll            ||     3
 Armour: Animal skin       ||    22
         Ring mail         ||    54
  Dodge: Dodged            ||    66
  Block: Other             ||    13
   Form: Beast             ||     1
